 Dungeon Crawl Stone Soup version 0.31-a0-121-g1e386dd289 (webtiles) character file.

Game seed: 4841569821702894782

1887 senseless the Ducker (level 9, 0/68 HPs)
             Began as a Merfolk Transmuter on May 31, 2023.
             Was a Priest of Sif Muna.
             Slain by an unseen horror (9 damage)
             ... on level 6 of the Dungeon.
             The game lasted 00:19:03 (6044 turns).

senseless the Ducker (Merfolk Transmuter)           Turns: 6044, Time: 00:19:03

Health: 0/68       AC:  6    Str: 16    XL:     9   Next: 14%
Magic:  16/16      EV: 14    Int: 20    God:    Sif Muna [***...]
Gold:   241        SH:  0    Dex: 14    Spells: 10/17 levels left

rFire   . . .        j - +10 short sword of Ignis's Displeasure {spect, *Slow rElec rC+ Int+3}
rCold   + + .        (no shield)
rNeg    + . .        w - +1 leather armour {rC+}
rPois   .            (helmet currently unavailable)
rElec   +            B - +1 cloak
rCorr   .            (no gloves)
SInv    .            x - melded +0 pair of boots
Will    .....        (no amulet)
Stlth   +            k - +6 ring of strength
HPRegen 0.31/turn    s - ring of positive energy
MPRegen 0.15/turn

%: slow self (1%)
@: appendages, wereblooded, slowed, very slow
A: horns 2, (nimble swimmer 2), mertail
a: End Transformation, Renounce Religion, Channel Magic, Forget Spell


You were on level 6 of the Dungeon.
You worshipped Sif Muna.
Sif Muna was most pleased with you.
You had temporarily grown beastly horns.
You visited 1 branch of the dungeon, and saw 6 of its levels.

You collected 361 gold pieces.
You spent 120 gold pieces at shops.

Inventory:

Hand Weapons
 g - a +2 whip of holy wrath
 j - the +10 short sword of Ignis's Displeasure (weapon) {spect, *Slow rElec rC+ Int+3}
   (You found it on level 2 of the Dungeon)

   Int:       It affects your intelligence (+3).
   rC:        It protects you from cold.
   rElec:     It insulates you from electricity.
   *Slow:     It may slow you when you take damage.
Armour
 a - a +1 robe
 p - a +2 chain mail of cold resistance
 w - a +1 leather armour of cold resistance (worn)
 x - a +0 pair of boots (melded)
 A - the +18 Lear's hauberk
   (You found it on level 6 of the Dungeon)
 B - a +1 cloak (worn)
Jewellery
 k - a +6 ring of strength (left hand)
 q - a ring of resist corrosion
 s - a ring of positive energy (right hand)
Wands
 r - a wand of quicksilver (6)
 t - a wand of roots (12)
Scrolls
 e - a scroll of enchant weapon
 f - 2 scrolls of enchant armour
 h - 2 scrolls of fear
 i - a scroll of teleportation
 y - a scroll of fog
Potions
 b - 3 potions of lignification
 c - a potion of might
 d - a potion of attraction {unknown}
 l - a potion of berserk rage
 m - a potion of enlightenment
 n - 3 potions of magic
 o - a potion of curing {unknown}
 v - 2 potions of ambrosia
 z - a potion of degeneration {unknown}


   Skills:
 + Level 5.3 Fighting
 + Level 5.3 Short Blades
 + Level 6.7 Dodging
 + Level 6.1 Unarmed Combat
 + Level 4.6 Spellcasting
 + Level 6.6 Transmutations


You had 10 spell levels left.
You knew the following spells:

 Your Spells              Type           Power      Damage    Failure   Level
a - Beastly Appendage     Tmut           62%        N/A       1%          1
b - Wereblood             Tmut           31%        N/A       1%          2
c - Ice Form              Ice/Tmut       18%        N/A       36%         4

Your spell library contained the following spells:

 Spells                   Type           Power      Damage    Failure   Level
 Spider Form              Tmut/Pois      18%        N/A       11%         3
 Dazzling Flash           Conj/Hex       8%         N/A       41%         3
 Vhi's Electric Charge    Tloc/Air       8%         N/A       41%         3
 Volatile Blastmotes      Fire/Tloc      8%         2d10      41%         3
 Iskenderun's Mystic Bla  Conj/Tloc      4%         2d3       83%         4
 Arcjolt                  Conj/Air       2%         1d12      99%         5
 Starburst                Conj/Fire      2%         6d3       100%        6
 Maxwell's Capacitive Co  Air            2%         ∞         100%        8


Dungeon Overview and Level Annotations

Branches:
Dungeon (6/15)             Temple (0/1) D:5

Altars:
Ashenzari
Fedhas
Gozag
Qazlal
Sif Muna
Vehumet

Shops:
D:4 :   D:5 *


Innate Abilities, Weirdness & Mutations

You have temporarily grown beastly horns.
((You are very nimble when in or above water. (Stealth+, EV+, Speed+++)))
Your lower body shifts to a powerful aquatic tail in water.


Message History

Something hits you.
Casting: Wereblood (safe; 1% risk of failure)
Confirm with . or Enter, or press ? or * to list all spells.
You grow a pair of large bovine horns.
Your +0 pair of boots melds into your body.
Something hits you but does no damage.
No target in view!
You hit something but do no damage. You headbutt something!
Your +10 short sword of Ignis's Displeasure {spect, *Slow rElec rC+ Int+3} barely misses something.
Something hits you but does no damage. x2
You puncture something! You headbutt something.
Your +10 short sword of Ignis's Displeasure {spect, *Slow rElec rC+ Int+3} hits something but does no damage.
Something hits you.
You swap places.
Your +10 short sword of Ignis's Displeasure {spect, *Slow rElec rC+ Int+3} disappears.
Something hits you but does no damage. Something hits you!
You puncture something! Something hits you but does no damage.
Something hits you. Something hits you! Something hits you! Something hits you.
Something hits you but does no damage. Something hits you but does no damage.
Found a scroll of blinking.
Something hits you but does no damage.
You see here a scroll of blinking.
Something hits you.
You hit something. Something hits you!
* * * LOW HITPOINT WARNING * * *
Something hits you.
* * * LOW HITPOINT WARNING * * *
You hit something. Something hits you!
* * * LOW HITPOINT WARNING * * *
You feel much better. Something hits you.
You miss something. Something hits you. Something hits you. x2
Something hits you!
* * * LOW HITPOINT WARNING * * *
You feel yourself slow down.
You closely miss something. Your headbutt misses something. Something hits you!
* * * LOW HITPOINT WARNING * * *
Something hits you!
You die...

♣# #.#.##......##.# #.##..# P♣##
#.#.##.###..##.#######.##..#
~~~###.#.##.# #..##.........##..#
~~~~##.#.##.###.................#
~~♣♣.....................##.#...#
P~♣♣##.#.##########...#.###.#♣...
♣♣♣ #.#.# ##?##########.♣...~ ♣
#.#.# #.##.# #....P♣.~~♣ ♣ #.#.#
##@..# #.##P..~~~~ #...# #.##.#
#.##..P~~~~ #.... #...###.##
#.#P...~~♣. # ##.#.#.##.
#..###.#♣....~♣P ##.. .#
##......<....... .... ##
#...........#.. ##
#####.#####.##. # ..
#..........##. #) #.##.####..##.


There were no monsters in sight!

Vanquished Creatures
  Menkaure (D:5)
  Duvessa (D:5)
  A water moccasin (D:6)
  2 black bears
  A sky beast (D:5)
  2 ogres
  2 phantoms
  A scorpion (D:6)
  Dowan (D:5)
  A howler monkey (D:6)
  3 electric eels (D:6)
  3 orc priests
  3 hounds
  A jelly (D:6)
  4 iguanas
  2 sleepcaps
  2 orc wizards (D:5)
  6 gnolls
  11 adders
  3 white imps
  An ufetubus (D:6)
  3 dart slugs
  14 orcs
  9 ball pythons
  7 endoplasms
  5 giant cockroaches
  5 goblins
  7 hobgoblins
  2 jackals (D:3)
  7 quokkas
  4 bats
  7 frilled lizards
  8 kobolds
  5 rats
135 creatures vanquished.

Notes
Turn   | Place    | Note
-------+----------+-------------------------------------------
     0 | D:1      | senseless the Merfolk Transmuter began the quest for the
                  | Orb.
     0 | D:1      | Reached XP level 1. HP: 15/15 MP: 3/3
     9 | D:1      | Noticed an ogre
   109 | D:1      | Reached XP level 2. HP: 9/21 MP: 3/5
   369 | D:1      | Reached XP level 3. HP: 21/26 MP: 6/6
   762 | D:2      | Identified the +10 short sword of Ignis's Displeasure
                  | {spect, *Slow rElec rC+ Int+3}
   850 | D:2      | Reached XP level 4. HP: 33/33 MP: 5/7
   954 | D:2      | Learned a level 2 spell: Wereblood
   959 | D:2      | Learned a level 4 spell: Ice Form
  1169 | D:2      | Found a faded altar of an unknown god.
  1175 | D:2      | Prayed at the altar of an unknown god.
  1175 | D:2      | Became a worshipper of Sif Muna the Loreminder
  1175 | D:2      | Reached * piety under Sif Muna
  1290 | D:2      | Reached skill level 1 in Short Blades
  1365 | D:2      | Found a blossoming altar of Fedhas.
  1901 | D:3      | Reached XP level 5. HP: 30/39 MP: 5/9
  2103 | D:3      | Found a radiant altar of Vehumet.
  2940 | D:4      | Reached ** piety under Sif Muna
  2941 | D:4      | Reached XP level 6. HP: 39/46 MP: 10/10
  3008 | D:4      | Found Yfeped's Book Shop.
  3055 | D:4      | Noticed a black bear
  3066 | D:4      | Killed a black bear
  3432 | D:4      | Reached XP level 7. HP: 52/52 MP: 7/11
  3738 | D:5      | Entered Level 5 of the Dungeon
  3793 | D:5      | Found a stormy altar of Qazlal.
  3802 | D:5      | Noticed Duvessa
  3805 | D:5      | Reached skill level 5 in Dodging
  3805 | D:5      | Reached skill level 5 in Transmutations
  3805 | D:5      | Noticed Dowan
  3810 | D:5      | Killed Duvessa
  3811 | D:5      | Reached skill level 5 in Unarmed Combat
  3812 | D:5      | Killed Dowan
  3897 | D:5      | Reached XP level 8. HP: 13/60 MP: 9/13
  4102 | D:5      | Found a broken altar of Ashenzari.
  4169 | D:5      | Reached *** piety under Sif Muna
  4285 | D:5      | Found Xupu's Assorted Antiques.
  4288 | D:5      | Bought a scroll of identify for 36 gold pieces
  4288 | D:5      | Bought a ruby potion for 16 gold pieces
  4288 | D:5      | Bought 2 green potions for 32 gold pieces
  4288 | D:5      | Bought a scroll of identify for 36 gold pieces
  4481 | D:5      | Found a staircase to the Ecumenical Temple.
  4978 | D:5      | Found an opulent altar of Gozag.
  5144 | D:5      | Noticed Menkaure
  5149 | D:5      | Killed Menkaure
  5578 | D:6      | Reached skill level 5 in Fighting
  5582 | D:6      | Reached skill level 5 in Short Blades
  5669 | D:6      | Reached XP level 9. HP: 68/68 MP: 11/15
  5712 | D:6      | Found the +18 Lear's hauberk
  6044 | D:6      | Slain by an unseen horror

Illustrated notes

Levels and vault maps discovered:
D:1:      evilmike_arrival_come_back, layout_rooms, solitary_fountain,
          minmay_cupped
D:2:      layout_basic, basic_altar, ebering_ecumenical_altar_petrified,
          dreamdust_princess_corridor, chequers_serial_rivers_large_b,
          kennysheep_generic_room_2
D:3:      layout_basic, lemuel_doored_altar
D:4:      layout_loops_cross, serial_shops, nicolae_shop_peninsula
D:5:      layout_basic, nicolae_gozag_cash_rules_everything_around_me,
          nicolae_qazlal_beasts_of_the_sky, nicolae_ashenzari_panopticon,
          minmay_temple_entry_antechambers, serial_shops,
          nicolae_shop_real_fake_doors, serial_rivers,
          chequers_serial_rivers_small_a, chequers_serial_rivers_micro_e,
          chequers_serial_rivers_micro_c, chequers_serial_rivers_small_a,
          chequers_serial_rivers_micro_b, chequers_serial_rivers_room_a,
          uniq_menkaure, uniq_duvessa
D:6:      minmay_cornered_nines, layout_loops_ring, serial_bayou,
          serial_bayou_pond_a, serial_bayou_lagoon_a, serial_bayou_lagoon_b,
          serial_bayou_pond_a

Skill      XL: |  1  2  3  4  5  6  7  8 |
---------------+-------------------------+-----
Dodging        | 3 4 5 6 |  6.7
Transmutations | 3 4 5 6 |  6.6
Fighting       | 2 3 4 5 |  5.3
Short Blades   | 1 2 3 5 |  5.3
Unarmed Combat | 4 5 6 |  6.1
Spellcasting   | 3 4 |  4.6

Action                     |  1- 3 |  4- 6 |  7- 9 || total
---------------------------+-------+-------+-------++-------
  Melee: Unarmed           |   107 |       |       ||   107
         Headbutt          |     6 |    10 |    27 ||    43
         Punch             |     5 |     2 |     5 ||    12
         Short sword       |     7 |    85 |   139 ||   231
         Tailslap          |       |       |     1 ||     1
   Cast: Beastly Appendage |    19 |    24 |    26 ||    69
         Wereblood         |       |    11 |    26 ||    37
    Use: Scroll            |       |     9 |     7 ||    16
         Potion            |       |     1 |     2 ||     3
   Stab: Distracted        |       |       |     1 ||     1
 Armour: Robe              |    20 |     2 |     1 ||    23
         Leather armour    |       |       |    13 ||    13
  Dodge: Dodged            |    69 |    44 |    77 ||   190

Table legend: (Time is in decaauts)
 A = Elapsed time spent in this place.
 B = Non-inter-level travel time spent in this place.
 C = Inter-level travel time spent in this place.
 D = Time resting spent in this place.
 E = Time spent auto-exploring this place.
 F = Levels seen in this place.
 G = Mean time per level.
                   A        B        C        D        E       F      G
               +--------+--------+--------+--------+--------+-----+--------+
         Total |   5956 |   5773 |    183 |     41 |   4820 |   6 |  992.7 |
       Dungeon |   5956 |   5773 |    183 |     41 |   4820 |   6 |  992.7 |
               +--------+--------+--------+--------+--------+-----+--------+

Top non-repeatable levels by time:
     D:5: 1560 daAuts
     D:3: 1195 daAuts
     D:2: 930 daAuts
     D:4: 865 daAuts
     D:1: 718 daAuts
     D:6: 684 daAuts
